 Dungeon Crawl Stone Soup version 0.17.0-17-ge4ba49f (webtiles) character file.

108 Leibowitz the Cutter (level 5, -5/31 HPs)
             Began as a Kobold Gladiator on Nov 11, 2015.
             Was a Believer of Zin.
             Killed from afar by wobbegong's ghost (13 damage)
             ... with a flame tongue
             ... on level 3 of the Dungeon.
             The game lasted 00:08:55 (2340 turns).

Leibowitz the Cutter (Kobold Gladiator)             Turns: 2340, Time: 00:08:55

Health: -5/31      AC:  5    Str: 13      XL:     5   Next: 12%
Magic:  5/5        EV: 14    Int:  2 (6)  God:    Zin [**....]
Gold:   158        SH:  8    Dex: 18      Spells: 0 memorised, 4 levels left

rFire  . . .     SeeInvis .     a - +0 rapier
rCold  + . .     Clarity  .     b - +0 leather armour
rNeg   . . .     SustAt   .     n - +0 shield
rPois  .         Gourm    .     c - +0 helmet
rElec  .         Spirit   .     (no cloak)
rCorr  +         Warding  .     (no gloves)
rMut   .         Stasis   .     p - +0 pair of boots
MR     ++...                    k - amulet of resist corrosion
Stlth  ++........               i - ring of protection from magic
                                l - ring of protection from cold

@: very resistant to hostile enchantments, unstealthy
A: carnivore 3, magic resistance 1, slow regeneration 1, spit poison 1
a: Spit Poison, Recite, Vitalisation, Donate Gold, Renounce Religion


You were on level 3 of the Dungeon.
You worshipped Zin.
Zin was pleased with you.
You were very full.

You visited 1 branch of the dungeon, and saw 3 of its levels.

You collected 175 gold pieces.
You donated 17 gold pieces to Zin.

Inventory:

Hand Weapons
 a - a +0 rapier (weapon)
Missiles
 d - 3 throwing nets (quivered)
Armour
 b - a +0 leather armour (worn)
 c - a +0 helmet (worn)
 n - a +0 shield (worn)
 p - a +0 pair of boots (worn)
Jewellery
 i - a ring of protection from magic (right hand)
 k - an amulet of resist corrosion (around neck)
 l - a ring of protection from cold (left hand)
Scrolls
 g - a scroll of identify
 h - 2 scrolls of teleportation
 q - a scroll of magic mapping
 r - 3 scrolls of remove curse {unknown}
Potions
 e - a potion of curing
 o - a potion of heal wounds
Comestibles
 f - 2 meat rations
 j - 2 slices of pizza
 m - a beef jerky


   Skills:
 + Level 2.4 Fighting
 + Level 5.2 Short Blades
 + Level 2.2 Throwing
 + Level 1.2 Armour
 + Level 4.4 Dodging
 * Level 1.3 Stealth
 * Level 1.0 Shields


You had 4 spell levels left.
You didn't know any spells.

Dungeon Overview and Level Annotations

Branches:
Dungeon (3/15)

Altars:
Zin

Shops:
D:2 *

Annotations:
D:3 wobbegong's ghost, amateur TeFE


Innate Abilities, Weirdness & Mutations

You are small and have problems with some larger weapons.
You are carnivorous and can eat meat at any time.
You are resistant to hostile enchantments.
You regenerate slowly when monsters are visible.
You can spit weak poison.


Message History

You barely miss wobbegong's ghost.
Wobbegong's ghost is heavily damaged.
Wobbegong's ghost casts a spell at you. The flame tongue hits you!
You hit wobbegong's ghost but do no damage.
Wobbegong's ghost is heavily damaged.
Wobbegong's ghost casts a spell at you. The flame tongue misses you.
Your shield prevents you from hitting wobbegong's ghost.
Wobbegong's ghost is heavily damaged.
Wobbegong's ghost hits you but does no damage.
You closely miss wobbegong's ghost.
Wobbegong's ghost is heavily damaged.
Wobbegong's ghost hits you.
* * * LOW HITPOINT WARNING * * *
You hit wobbegong's ghost.
Wobbegong's ghost is heavily damaged.
Wobbegong's ghost points at you and mumbles some strange words.
The flame tongue hits you!
You die...

*,,,,,,,* *,**,,,,#...........
*,,,,,,,***,##.*,.#...........
*#..........#..,..#...........
#..........#.#...#.....##....
#..........#.#...............
#..........#.#...#...........
#..........#.#...#...........
#..........#...#.#...........
#..........W@................
#....)................###....
###....#'##.........#...# #....
#......#.##.........#...# #....
#(.....##########...#...###....
#....##.)......,,......,#......
#....##.#......,*,.....,#......
#..)).........,,*,.....,#....##
#..)..........,,*,,....,###.##,


You could see wobbegong's ghost.

Vanquished Creatures
  4 adders
  2 worms
  2 giant geckos
  5 orcs (D:3)
  5 giant cockroaches
  7 goblins
  6 hobgoblins
  7 bats
  2 giant newts
  6 jackals (D:1)
  8 kobolds
  A quokka (D:3)
  2 rats (D:1)
57 creatures vanquished.

Notes
Turn   | Place    | Note
--------------------------------------------------------------
     0 | D:1      | Leibowitz the Kobold Gladiator began the quest for the Orb.
     0 | D:1      | Reached XP level 1. HP: 12/12 MP: 1/1
   113 | D:1      | Reached XP level 2. HP: 17/17 MP: 2/2
   515 | D:1      | Reached XP level 3. HP: 21/21 MP: 3/3
  1053 | D:2      | Reached skill level 1 in Stealth
  1056 | D:2      | Reached skill level 1 in Armour
  1095 | D:2      | Reached XP level 4. HP: 17/26 MP: 4/4
  1224 | D:2      | Gained mutation: You can spit weak poison. [potion of mutation]
  1224 | D:2      | Gained mutation: You are resistant to hostile enchantments. [potion of mutation]
  1224 | D:2      | Gained mutation: You regenerate slowly when monsters are visible. [potion of mutation]
  1432 | D:2      | Reached skill level 5 in Short Blades
  1468 | D:2      | Found Zin's Purification Station.
  1473 | D:2      | Found a glowing silver altar of Zin.
  1520 | D:2      | Became a worshipper of Zin the Law-Giver
  1567 | D:3      | Reached * piety under Zin
  1843 | D:3      | Reached ** piety under Zin
  2165 | D:3      | Reached XP level 5. HP: 26/31 MP: 5/5
  2305 | D:3      | Reached skill level 1 in Shields
  2320 | D:3      | Noticed wobbegong's ghost (amateur TeFE)
  2340 | D:3      | Killed from afar by wobbegong's ghost

Action                   |  1- 3 |  4- 6 || total
-------------------------+-------+-------++-------
Melee: Rapier            |   109 |   124 ||   233
Invok: Recite            |       |     2 ||     2
  Use: Potion            |       |     7 ||     7
       Scroll            |       |     4 ||     4
 Stab: Sleeping          |       |     1 ||     1
  Eat: Chunk             |     7 |     4 ||    11
